Map: Orbital Shipyard

Players

DeMusliM

  • Race: Terran Terran
  • League: Master

IlIlIlIlIlIl (ShoWTimE) - Winner!

  • Race: Protoss Protoss
  • League: Master

VOD

Have the link to the VOD?

Description

Time

  • Played on: Nov. 19, 2015, 12:42 p.m.
  • Length: 12:38
Show
View Real Time Build Order
Export as new Build Order

DeMusliM Terran 

Build Orders: Reaper Expand, MMM Bio 

Get SALT Encoding   

  12  0:01  SCV  
  13  0:13  SCV  
  14  0:18  Supply Depot  
  14  0:25  SCV  
  15  0:40  SCV  
  15  0:42  Barracks  
  16  0:46  Refinery  
  16  0:52  SCV  
  17  1:04  SCV  
  18  1:16  SCV  
  19  1:30  Reaper, Orbital Command  
  20  1:41  Command Center  
  20  1:50  Supply Depot  
  20  1:56  SCV  
  21  2:08  SCV  
  22  2:09  Barracks Reactor  
  22  2:13  Barracks  
  22  2:14  Barracks  
  22  2:20  SCV  
  23  2:32  SCV  
  24  2:44  SCV  
  25  2:52  Marine  
  25  2:53  Orbital Command, Marine  
  25  2:56  SCV  
  28  3:02  Barracks Tech Lab, Marine  
  29  3:06  Engineering Bay  
  29  3:08  SCV  
  29  3:10  Marine x2  
  32  3:19  Marine  
  32  3:20  SCV, Marine  
  32  3:21  Stimpack  
  32  3:23  SCV  
  36  3:28  Marine  
  36  3:32  Marine  
  36  3:33  SCV  
  38  3:35  SCV, Refinery  
  38  3:40  Marine  
  38  3:41  Supply Depot, Marine  
  40  3:45  SCV  
  40  3:47  SCV, Factory  
  43  3:50  Marine  
  44  3:57  SCV  
  44  3:59  SCV  
  44  4:02  Marine x2  
  48  4:03  Missile Turret  
  48  4:05  Supply Depot, Missile Turret  
  48  4:09  SCV  
  49  4:11  SCV  
  49  4:12  Supply Depot  
  49  4:15  Refinery  
  50  4:20  Marine x2  
  50  4:21  Marine x2  
  54  4:26  Terran Infantry Weapons Level 1  
  54  4:30  SCV x2  
  56  4:33  Starport  
  56  4:42  SCV x2  
  56  4:43  Marine x3  
  56  4:44  Marine  
  56  4:45  Factory Reactor  
  62  4:52  Supply Depot  
  62  4:54  SCV x2  
  64  5:00  Supply Depot  
  64  5:01  Supply Depot  
  64  5:03  Marauder, Marine  
  64  5:04  Marine  
  64  5:06  SCV x2, Barracks Tech Lab  
  70  5:18  SCV x2  
  70  5:20  Supply Depot  
  72  5:23  Combat Shields  
  72  5:26  Medivac x2  
  76  5:29  Marine x2  
  76  5:30  Marauder  
  76  5:33  SCV x2, Marauder  
  84  5:39  Supply Depot x2  
  84  5:48  Factory Reactor  
  84  5:50  Marine x2  
  84  5:55  Marine x2  
  84  5:56  Medivac  
  90  6:07  Marine  
  90  6:08  Marine  
  90  6:09  Command Center  
  78  6:15  Marauder  
  78  6:16  Marauder  
  82  6:19  SCV x2  
  82  6:21  Barracks  
  82  6:22  Refinery, Barracks  
  82  6:25  Terran Infantry Armor Level 1, Marine x2  
  84  6:30  Widow Mine x2  
  84  6:32  Medivac  
  92  6:35  SCV x2  
  87  6:47  SCV x2  
  82  6:55  Marine  
  82  6:56  Marauder x2, Marine  
  82  6:57  Medivac  
  82  6:59  SCV x2  
  92  7:11  Barracks Reactor, Barracks Tech Lab  
  92  7:12  SCV x2  
  92  7:13  Marine  
  92  7:14  Marine  
  96  7:16  Widow Mine x2  
  96  7:17  Marauder x2  
  104  7:24  SCV x2  
  104  7:29  Orbital Command  
  99  7:33  Marine  
  99  7:34  Marauder  
  99  7:36  SCV  
  99  7:37  SCV  
  104  7:44  Marauder, Widow Mine x2, Marine  
  104  7:48  SCV  
  104  7:49  SCV  
  104  7:52  Marine  
  104  7:53  Marauder  
  104  7:55  Marauder, Marine  
  104  7:57  SCV  
  111  8:01  SCV x2, Engineering Bay, Armory  
  111  8:04  Medivac x2  
  117  8:08  Marine  
  117  8:09  Marauder  
  117  8:10  SCV  
  121  8:13  SCV  
  121  8:14  Marauder, Marine  
  121  8:15  Widow Mine, Marine  
  121  8:16  Widow Mine  
  121  8:17  Marauder  
  121  8:19  Supply Depot  
  132  8:21  SCV  
  132  8:22  Supply Depot  
  133  8:30  Marine  
  133  8:31  Marauder  
  136  8:35  SCV x2  
  136  8:36  SCV, Starport  
  136  8:37  Refinery x2  
  136  8:39  Missile Turret  
  139  8:43  Missile Turret  
  139  8:44  Widow Mine x2  
  130  8:56  Marauder, Marine x2  
  130  9:00  Marauder x2, Marine x2  
  111  9:13  Medivac, Widow Mine  
  111  9:14  Marine x2  
  111  9:17  Marine  
  111  9:18  Marine, Marauder  
  111  9:21  Marauder  
  111  9:22  Marauder  
  116  9:26  Viking  
  114  9:31  Marine x2  
  114  9:35  Marine x2  
  109  9:39  Marauder  
  109  9:43  Marauder x2  
  110  9:50  Viking x2  
  115  9:53  Widow Mine x2  
  114  10:00  Marauder  
  114  10:04  Marauder  
  114  10:05  Viking, Marauder  
  114  10:06  Orbital Command  
  121  10:07  SCV  
  122  10:21  Viking  
  124  10:22  Marauder  
  124  10:30  Viking  
  124  10:31  Marauder, Marine  
  128  10:37  Viking  
  128  10:39  Marine  
  131  10:43  Marauder  
  131  10:49  Marine  
  134  10:50  Missile Turret, Orbital Command  
  134  10:51  Viking  
  134  10:53  Marauder  
  134  10:56  Marine  
  139  11:04  Marine  
  139  11:05  SCV  
  139  11:11  Supply Depot x2  
  141  11:14  SCV  
  141  11:17  SCV, Viking  
  145  11:20  Marauder  
  148  11:29  Marine  
  148  11:30  Barracks Reactor x2  
  148  11:33  Starport Tech Lab  
  142  12:03  Marine  
  142  12:04  SCV x3, Marauder  
  157  12:11  Fusion Core  
Show
View Real Time Build Order
Export as new Build Order

IlIlIlIlIlIl Protoss - Winner!

Build Orders: 1 Gate Expand, Colossus Rush 

Get SALT Encoding   

  12  0:01  Probe (Chrono Boost)  
  13  0:11  Probe (Chrono Boost)  
  14  0:18  Pylon  
  14  0:22  Probe (Chrono Boost)  
  15  0:36  Probe (Chrono Boost), Gateway  
  16  0:42  Assimilator  
  16  0:47  Probe (Chrono Boost)  
  17  0:57  Probe (Chrono Boost)  
  18  1:08  Probe (Chrono Boost)  
  19  1:22  Nexus  
  19  1:33  Cybernetics Core  
  19  1:35  Probe (Chrono Boost)  
  20  1:43  Assimilator  
  20  1:46  Probe (Chrono Boost)  
  21  1:51  Pylon  
  21  1:56  Probe (Chrono Boost)  
  22  2:10  Mothership Core (Chrono Boost), Adept  
  26  2:16  Warp Gate  
  26  2:28  Probe (Chrono Boost)  
  27  2:39  Probe (Chrono Boost)  
  27  2:40  Adept, Robotics Facility  
  27  2:41  Probe (Chrono Boost)  
  31  2:49  Probe (Chrono Boost)  
  32  2:51  Probe (Chrono Boost)  
  33  3:00  Probe (Chrono Boost)  
  33  3:02  Probe (Chrono Boost)  
  35  3:07  Stalker  
  35  3:10  Probe (Chrono Boost)  
  39  3:12  Probe (Chrono Boost)  
  39  3:17  Pylon  
  39  3:21  Probe (Chrono Boost)  
  39  3:23  Probe (Chrono Boost)  
  41  3:31  Probe (Chrono Boost)  
  41  3:32  Observer  
  41  3:34  Probe (Chrono Boost)  
  44  3:41  Robotics Bay  
  44  3:42  Probe (Chrono Boost)  
  44  3:44  Probe (Chrono Boost)  
  44  3:46  Adept  
  44  3:47  Pylon  
  48  3:52  Probe (Chrono Boost), Assimilator  
  48  3:54  Probe (Chrono Boost)  
  48  3:55  Assimilator  
  50  3:58  Warp Prism (Chrono Boost)  
  52  4:03  Probe x2  
  52  4:08  Pylon  
  54  4:14  Probe  
  54  4:15  Probe  
  56  4:23  Gateway  
  56  4:24  Gateway  
  56  4:25  Probe  
  56  4:26  Disruptor (Chrono Boost)  
  56  4:27  Probe  
  61  4:35  Gravitic Drive (Chrono Boost)  
  61  4:37  Probe  
  62  4:40  Probe, Pylon  
  63  4:52  Twilight Council  
  63  4:56  Disruptor  
  63  5:03  Gateway  
  63  5:05  Forge  
  63  5:06  Probe x2  
  68  5:11  Sentry  
  70  5:25  Colossus, Nexus  
  70  5:26  Pylon  
  76  5:36  Blink (Chrono Boost)  
  76  5:37  Probe  
  76  5:38  Probe  
  78  5:45  Protoss Ground Armor Level 1  
  78  5:48  Pylon  
  79  5:50  Probe x2  
  80  5:57  Extended Thermal Lance (Chrono Boost)  
  80  6:02  Probe x2  
  82  6:11  Zealot x3  
  86  6:14  Probe  
  89  6:20  Pylon  
  89  6:22  Probe  
  90  6:26  Probe  
  90  6:27  Pylon  
  90  6:29  Colossus  
  91  6:34  Probe  
  91  6:38  Probe  
  99  6:42  Stalker x2  
  99  6:43  Stalker  
  101  6:55  Probe  
  101  6:58  Probe  
  101  7:00  Pylon  
  103  7:02  Assimilator  
  103  7:06  Adept x2, Zealot x2  
  103  7:07  Assimilator  
  111  7:10  Gateway  
  111  7:11  Probe  
  111  7:12  Probe x2  
  111  7:14  Pylon  
  114  7:15  Colossus  
  114  7:16  Pylon  
  114  7:29  Stalker  
  122  7:30  Stalker x3  
  128  7:38  Pylon  
  128  7:40  Protoss Ground Weapons Level 1, Photon Cannon x2  
  128  7:55  Resonating Glaives (Chrono Boost)  
  128  7:56  Adept  
  128  7:57  Adept x3  
  136  8:02  Colossus, Probe x2  
  136  8:03  Pylon  
  138  8:12  Pylon  
  144  8:17  Stalker x4  
  152  8:29  Pylon  
  152  8:36  Gateway  
  152  8:39  Templar Archives  
  149  9:02  Stalker x5, Observer  
  139  9:14  Probe  
  139  9:16  Nexus  
  140  9:18  Protoss Ground Armor Level 2, Pylon  
  140  9:23  Psionic Storm  
  140  9:26  Adept x3, Zealot  
  140  9:27  Zealot  
  150  9:35  Colossus  
  150  9:36  Pylon  
  152  9:46  High Templar x2  
  152  9:47  Zealot x3  
  162  9:54  Pylon  
  162  10:05  Stalker  
  164  10:10  Gateway x2  
  164  10:14  Stalker x3  
  170  10:24  Disruptor  
  158  10:35  Probe  
  160  10:38  Forge  
  160  10:41  High Templar x2  
  164  10:49  Charge (Chrono Boost)  
  164  10:51  Gateway  
  164  10:52  Gateway  
  164  10:53  High Templar x2  
  168  10:58  Photon Cannon  
  168  10:59  Pylon  
  168  11:00  Photon Cannon  
  165  11:06  Stalker x2  
  169  11:14  Stalker  
  169  11:15  Zealot  
  173  11:19  Pylon  
  173  11:21  Assimilator  
  173  11:22  Stalker x2, Assimilator  
  173  11:23  Colossus  
  183  11:45  Stalker x2, Zealot x3  
  183  11:46  Zealot x2  
  187  12:25  Archon  
  177  12:32  Stalker x3, Zealot  
  177  12:33  Zealot x4  
Tags
 
Add a new tag
Caveats
  • Supply blocks, unpowered buildings, or Contaminate may cause inaccurate times.
  • Supply counts are checked every 10 seconds.